 Dungeon Crawl Stone Soup version 0.21.1-1-g345015f (webtiles) character file.

4753 sking99 the Basher (level 10, -10/94 HPs)
             Began as a Minotaur Fighter on June 29, 2018.
             Was an Initiate of Gozag.
             Splashed by Maurice's acid (11 damage)
             ... on level 9 of the Dungeon.
             The game lasted 00:19:39 (7824 turns).

sking99 the Basher (Minotaur Fighter)               Turns: 7824, Time: 00:19:40

Health: -10/94     AC:  7    Str: 20    XL:     10   Next: 23%
Magic:  18/18      EV:  8    Int:  5    God:    Gozag
Gold:   599        SH: 11    Dex: 19    Spells: 9/9 levels left

rFire    . . .     SeeInvis .   a - +1 flail
rCold    . . .     Gourm    .   c - +1 shield
rNeg     . . .     Faith    .   C - +0 plate armour
rPois    .         Spirit   .   (helmet restricted)
rElec    .         Reflect  .   (no cloak)
rCorr    .         Harm     .   (no gloves)
MR       .....                  (no boots)
Stlth    ..........             (no amulet)
HPRegen  0.25/turn              i - ring of magical power
MPRegen  0.16/turn              (no ring)

@: agile, corroded, gold aura, hasted, very quick
A: retaliatory headbutt, horns 2
a: Potion Petition, Call Merchant, Bribe Branch, Renounce Religion


You were on level 9 of the Dungeon.
You worshipped Gozag.
Gozag was pleased with you.
You were not hungry.

You visited 2 branches of the dungeon, and saw 12 of its levels.
You also visited: Ossuary.

You collected 1513 gold pieces.
You spent 80 gold pieces at shops.
You paid 834 gold pieces to Gozag.

Inventory:

Hand Weapons
 a - a +1 flail (weapon)
Missiles
 t - a throwing net (quivered)
Armour
 b - a +0 scale mail
 c - a +1 shield (worn)
 w - a +0 chain mail
 C - a +0 plate armour (worn)
Jewellery
 g - a cursed -2 ring of strength {unknown}
 i - a ring of magical power (left hand)
 F - an uncursed ring of wizardry {unknown}
Wands
 y - a wand of iceblast (8)
 J - a wand of polymorph (12)
Scrolls
 e - 4 scrolls of blinking
 m - a scroll of immolation
 n - a scroll of enchant weapon
 o - 3 scrolls of remove curse
 u - 2 scrolls of magic mapping
 v - 4 scrolls of teleportation
 z - 2 scrolls of enchant armour
 D - a scroll of amnesia {unknown}
 E - 2 scrolls of fear {unknown}
 I - 2 scrolls of identify
Potions
 d - 4 potions of might
 j - a potion of brilliance {unknown}
 k - 5 potions of curing
 l - 2 potions of magic
 p - 3 potions of cancellation
 q - 2 potions of ambrosia {unknown}
 r - a potion of degeneration {unknown}
 s - 2 potions of haste {unknown}
 x - 2 potions of lignification
 A - 3 potions of berserk rage
 H - a potion of agility {unknown}
 K - a potion of flight {unknown}
Books
 h - a book of Conjurations

   Spells                             Type                      Level
   a - Magic Dart                     Conjuration                  1
   b - Searing Ray                    Conjuration                  2
   c - Dazzling Spray                 Conjuration/Hexes            3
   d - Fulminant Prism                Conjuration/Hexes            4
   e - Force Lance                    Conjuration/Translocation    4
   f - Iskenderun's Mystic Blast      Conjuration                  4
 B - a book of Minor Magic

   Spells                             Type                      Level
   a - Magic Dart                     Conjuration                  1
   b - Blink                          Translocation                2
   c - Call Imp                       Summoning                    2
   d - Slow                           Hexes                        2
   e - Conjure Flame                  Conjuration/Fire             3
   f - Mephitic Cloud                 Conjuration/Poison/Air       3
 G - a book of Callings

   Spells                             Type                      Level
   a - Summon Small Mammal            Summoning                    1
   b - Call Imp                       Summoning                    2
   c - Call Canine Familiar           Summoning                    3
   d - Summon Guardian Golem          Hexes/Summoning              3
   e - Summon Lightning Spire         Summoning/Air                4
   f - Summon Ice Beast               Ice/Summoning                4
Comestibles
 f - 7 rations


   Skills:
 - Level 10.9 Fighting
 - Level 14.1 Maces & Flails
 + Level 3.6 Armour
 + Level 0.1 Dodging
 - Level 3.6 Shields


You had 9 spell levels left.
You didn't know any spells.

Dungeon Overview and Level Annotations

Branches:
Dungeon (11/15)            Temple (1/1) D:6
   Lair: D:8-11         Orc: D:9-12

Altars:
Ashenzari
Cheibriados
Dithmenos
Elyvilon
Fedhas
Gozag
Hepliaklqana
Kikubaaqudgha
Makhleb
Nemelex Xobeh
Okawaru
Qazlal
Ru
Sif Muna
Trog
Uskayaw
Vehumet
Wu Jian
Xom
Yredelemnul
Zin
The Shining One

Shops:
D:4 [!:   D:6 (   D:11 *

Annotations:
D:9 Maurice; tidbits's ghost, novice GnNe
D:10 Urug


Innate Abilities, Weirdness & Mutations

You reflexively headbutt those who attack you in melee.
You have a pair of horns on your head.


Message History

Okay, then.
Found a blowgun.
Really walk into that teleport trap?
You enter a teleport trap!
The teleport trap disappears.
Your surroundings suddenly seem different.
Maurice the Thief comes into view.
He is wielding a dagger.
Maurice shouts!
Found a ration and a short sword.
You sock Maurice!
Maurice is lightly wounded.
You block Maurice's attack.
You hit Maurice.
Maurice is moderately wounded.
Your shield and plate armour prevent you from hitting Maurice.
Maurice is moderately wounded.
Maurice zaps a wand.
The bolt of acid hits you!
* * * LOW HITPOINT WARNING * * *
The acid corrodes you!
You are splashed with acid!
The acid burns!
You die...
Your body crumbles into a pile of gold.

#######..# #..#
#..# #..# #..#
#..#
#############..#
......%.@@.....#
........).......
................
################


You could see Maurice.

Vanquished Creatures
  A two-headed ogre (D:11)
  An ugly thing (D:11)
  Psyche (D:8)
  2 hippogriffs
  A wyvern (D:10)
  An ice beast (D:11)
  A sky beast (D:5)
  An orc warrior (D:6)
  A black bear (D:6)
  2 ogres
  2 centaurs
  4 bullfrogs
  3 water moccasin zombies (Ossuary)
  A wyvern skeleton (D:6)
  A scorpion (D:5)
  11 killer bees
  3 crimson imps
  A centaur zombie (D:8)
  5 hounds
  Crazy Yiuf (D:5)
  A jelly (D:7)
  4 orc priests
  A centaur skeleton (D:6)
  5 iguanas
  5 orc wizards
  8 worker ants
  3 big kobold zombies (Ossuary)
  2 mummies (Ossuary)
  5 adders
  2 oozes
  6 adder zombies (Ossuary)
  3 worms
  A dart slug (D:1)
  2 leopard geckos
  23 orcs
  5 giant cockroaches
  7 goblins
  6 hobgoblins
  25 jackals
  7 kobolds
  3 quokkas
  A ball python (D:5)
  11 bats
  6 frilled lizards
  5 hobgoblin zombies (Ossuary)
  5 kobold zombies (Ossuary)
  11 orc zombies (Ossuary)
  5 rats
212 creatures vanquished.

Notes
Turn   | Place    | Note
-------+----------+-------------------------------------------
     0 | D:1      | sking99 the Minotaur Fighter began the quest for the Orb.
     0 | D:1      | Reached XP level 1. HP: 19/19 MP: 0/0
    56 | D:1      | Reached skill level 3 in Maces & Flails
    58 | D:1      | Reached XP level 2. HP: 27/27 MP: 1/1
   459 | D:1      | Reached XP level 3. HP: 33/33 MP: 2/2
   594 | D:1      | Reached skill level 4 in Maces & Flails
   681 | D:2      | Found a blossoming altar of Fedhas.
   712 | D:2      | Found an opulent altar of Gozag.
   715 | D:2      | Became a worshipper of Gozag Ym Sagoz the Greedy
  1009 | D:2      | Reached XP level 4. HP: 37/41 MP: 3/3
  1020 | D:2      | Found an ancient bone altar of Kikubaaqudgha.
  1185 | D:2      | Found a shattered altar of Ashenzari.
  1189 | D:2      | Found a radiant altar of Vehumet.
  1345 | D:3      | Reached skill level 5 in Maces & Flails
  1828 | D:3      | Reached XP level 5. HP: 47/47 MP: 4/4
  1854 | D:3      | Found a glowing golden altar of the Shining One.
  1999 | D:3      | Reached skill level 5 in Fighting
  2466 | D:4      | Found a sand-covered staircase.
  2470 | Ossuary  | Entered an ossuary
  2510 | Ossuary  | Reached skill level 6 in Maces & Flails
  2637 | Ossuary  | Reached XP level 6. HP: 56/56 MP: 5/5
  2818 | Ossuary  | Reached skill level 7 in Maces & Flails
  2993 | D:4      | Reached XP level 7. HP: 40/63 MP: 6/6
  2994 | D:4      | Found Zoepp's Book Shop.
  3379 | D:4      | Found Lafa's Distillery.
  3400 | D:4      | Bought a potion of heal wounds for 50 gold pieces
  3400 | D:4      | Bought a potion of lignification for 30 gold pieces
  3403 | D:4      | Found Fihi's Antique Armour Shoppe.
  3651 | D:5      | Entered Level 5 of the Dungeon
  3656 | D:5      | Reached skill level 8 in Maces & Flails
  3981 | D:5      | Reached skill level 9 in Maces & Flails
  4124 | D:5      | Reached XP level 8. HP: 32/73 MP: 7/7
  4260 | D:5      | Found a shimmering altar of Xom.
  4278 | D:5      | Found a runed door.
  4392 | D:5      | Found a glowing silver altar of Zin.
  4671 | D:5      | Noticed Crazy Yiuf
  4678 | D:5      | Killed Crazy Yiuf
  4740 | D:6      | Found Nixaohy's Antique Weapon Boutique.
  4815 | D:6      | Found a hide-covered altar of Uskayaw.
  4835 | D:6      | Reached skill level 10 in Maces & Flails
  4913 | D:6      | Found a bloodstained altar of Trog.
  5241 | D:6      | Found a staircase to the Ecumenical Temple.
  5264 | D:6      | Reached skill level 11 in Maces & Flails
  5358 | Temple   | Entered the Ecumenical Temple
  5449 | D:7      | Found a deep blue altar of Sif Muna.
  5517 | D:7      | You fall through a shaft!
  5523 | D:8      | Noticed Psyche
  5534 | D:8      | Reached XP level 9. HP: 83/83 MP: 8/8
  5568 | D:8      | Killed Psyche
  5568 | D:8      | Reached skill level 12 in Maces & Flails
  5943 | D:7      | Found a glowing golden altar of the Shining One.
  6033 | D:7      | Found a sacrificial altar of Ru.
  6035 | D:7      | Found a shadowy altar of Dithmenos.
  6471 | D:8      | You fall through a shaft for 3 floors!
  6474 | D:11     | Reached skill level 10 in Fighting
  6505 | D:11     | Found Xaufedgh's General Store.
  6512 | D:11     | Noticed a two-headed ogre
  6524 | D:11     | Killed a two-headed ogre
  6524 | D:11     | Reached skill level 13 in Maces & Flails
  6668 | D:11     | Noticed a green ugly thing
  6703 | D:11     | Killed a green ugly thing
  6703 | D:11     | Reached XP level 10. HP: 82/94 MP: 9/9
  6718 | D:10     | Entered Level 10 of the Dungeon
  6814 | D:9      | Noticed tidbits's ghost (novice GnNe)
  6875 | D:10     | Reached skill level 14 in Maces & Flails
  7353 | D:10     | Found a radiant altar of Vehumet.
  7737 | D:10     | Noticed Urug
  7820 | D:9      | Noticed Maurice
  7824 | D:9      | HP: 1/94 [Maurice/wand of acid (5) (24)]
  7824 | D:9      | Splashed by Maurice's acid

Skill      XL: |  1  2  3  4  5  6  7  8  9 10 |
---------------+-------------------------------+-----
Maces & Flails | 3 4 5 6 7 9 11 13 14 | 14.1
Fighting       | 4 5 6 7 9 10 | 10.9
Armour         | |  3.6
Dodging        | |  0.1
Shields        | |  3.6

Action                   |  1- 3 |  4- 6 |  7- 9 | 10-12 || total
-------------------------+-------+-------+-------+-------++-------
Melee: Flail             |   105 |   190 |   320 |   104 ||   719
       Headbutt          |    11 |    44 |    65 |    16 ||   136
Invok: Potion Petition   |       |       |     2 |     1 ||     3
  Use: Scroll            |       |     8 |     3 |       ||    11
       Potion            |       |       |     3 |     2 ||     5
 Stab: Distracted        |       |       |     2 |     1 ||     3
  Eat: Ration            |       |     2 |     4 |     1 ||     7
Armor: Scale mail        |    59 |    56 |     1 |       ||   116
       Chain mail        |       |       |    47 |       ||    47
       Plate armour      |       |       |    70 |    26 ||    96
       Skin              |       |       |    36 |   113 ||   149
Dodge: Dodged            |    35 |    42 |    27 |    18 ||   122
Block: Shield            |    74 |    86 |   148 |    80 ||   388
